 Dungeon Crawl Stone Soup version 0.30-a0-445-g92f4fb2d71 (webtiles) character file.

Game seed: 2493459675380483704

57 Destapler the Chopper (level 3, -12/33 HPs)
             Began as a Minotaur Berserker on Dec 11, 2022.
             Was a Believer of Trog.
             Blown up by Ijyb (19 damage)
             ... with a mindburst bolt
             ... on level 3 of the Dungeon.
             The game lasted 00:02:30 (1393 turns).

Destapler the Chopper (Minotaur Berserker)          Turns: 1393, Time: 00:02:31

Health: -12/33     AC: 10    Str: 23    XL:     3   Next: 73%
Magic:  2/2        EV:  8    Int:  4    God:    Trog [**....]
Gold:   75         SH:  0    Dex:  9    Spells: 2/2 levels left

rFire   . . .      SeeInvis .    e - +0 war axe
rCold   . . .      Faith    .    (no shield)
rNeg    . . .      Spirit   .    d - +0 chain mail
rPois   .          Reflect  .    (helmet restricted)
rElec   .          Harm     .    n - +0 cloak
rCorr   .          Rampage  .    (no gloves)
Will    .....                    (no boots)
Stlth   ..........               (no amulet)
HPRegen 0.25/turn                (no ring)
MPRegen 0.08/turn                (no ring)

@: no status effects
A: horns 2, retaliatory headbutt
a: Renounce Religion, Berserk, Trog's Hand


You were on level 3 of the Dungeon.
You worshipped Trog.
Trog was pleased with you.
You visited 1 branch of the dungeon, and saw 3 of its levels.

You collected 75 gold pieces.

Inventory:

Hand Weapons
 a - a +0 hand axe
 e - a +0 war axe (weapon)
Missiles
 h - 19 stones (quivered)
Armour
 b - a +0 animal skin
 d - a +0 chain mail (worn)
 n - a +0 cloak (worn)
 p - the +1 ring mail of Qazlal's Hope {Will+ rCorr Int-5}
   (You found it on level 2 of the Dungeon)

   Int:       It affects your intelligence (-5).
   rCorr:     It protects you from acid and corrosion.
   Will:      It increases your willpower.
Scrolls
 f - 2 scrolls of enchant weapon {unknown}
 i - a scroll of fog {unknown}
 k - a scroll of teleportation {unknown}
 m - a scroll of blinking {unknown}
 o - a scroll of magic mapping {unknown}
 q - a scroll of vulnerability {unknown}
Potions
 c - 4 potions of ambrosia {unknown}
 g - 2 potions of lignification {unknown}
 j - 2 potions of attraction {unknown}
 l - a potion of berserk rage {unknown}
 r - a potion of curing {unknown}


   Skills:
 + Level 4.2 Fighting
 + Level 4.3 Axes
 + Level 3.2 Armour
 + Level 2.9 Dodging


You had 2 spell levels left.
You didn't know any spells.
Your spell library contained the following spells:

 Spells                   Type           Power      Damage    Failure   Level
 Gell's Gravitas          Tloc           0%         N/A       100%        3
 Lesser Beckoning         Tloc           0%         N/A       100%        3
 Teleport Other           Tloc           0%         N/A       100%        3


Dungeon Overview and Level Annotations

Branches:
Dungeon (3/15)

Altars:
Uskayaw

Shops:
D:2 *

Annotations:
D:3 Ijyb


Innate Abilities, Weirdness & Mutations

You have a pair of horns on your head.
You reflexively headbutt those who attack you in melee.


Message History

No target in view!
Done exploring.
No target in view!
Done exploring.
(D) Dungeon
Where to? (Enter - D:2 @ (x,y), ? - help)
There is a stone staircase leading down here.
You climb downwards.
Found 3 gold pieces.
There is a stone staircase leading up here.
You now have 75 gold pieces (gained 3).
Found a dagger.
Found a hide-covered altar of Uskayaw.
Ijyb the Twisted Goblin comes into view.
She is wielding a +0 club, wearing a +2 ring mail of willpower and carrying a wand of mindburst (12).
Ijyb is nearby!
Ijyb is nearby!
Ijyb is nearby!
Ijyb zaps a wand.
Your mind is blasted!
Found a stone staircase leading up.
There is a stone staircase leading up here.
Ijyb closely misses you.
You slash Ijyb! Your headbutt misses Ijyb.
Ijyb is moderately wounded.
Ijyb hits you but does no damage.
You hit Ijyb but do no damage. Your headbutt misses Ijyb.
Ijyb is moderately wounded.
Ijyb closely misses you.
You barely miss Ijyb. You headbutt Ijyb.
Ijyb is severely wounded.
Ijyb hits you with a +0 club.
You closely miss Ijyb.
Ijyb is severely wounded.
Ijyb hits you with a +0 club.
Ijyb zaps a wand.
Your mind is blasted!
Ouch! That really hurt!
* * * LOW HITPOINT WARNING * * *
You hit Ijyb but do no damage. Your headbutt misses Ijyb.
Ijyb is severely wounded.
Ijyb zaps a wand.
Your mind is blasted!
Ouch! That really hurt!
You die...

#≈.≈.≈.≈.####
#≈..≈..≈....#
#≈.....≈.##.##
##≈.≈.≈####..#
#≈.≈.≈
##.#####.#
#≈.≈!≈
#.......#
#≈...≈
###..######
#.._.
#.g..<...#
####
#@####.......
####.# ##.####
#<...# ..
###### #.# #


You could see Ijyb.

Vanquished Creatures
  2 adders (D:2)
  A worm (D:2)
  2 ball pythons
  3 bats
  4 endoplasms
  2 giant cockroaches (D:1)
  6 hobgoblins
  4 jackals (D:2)
  2 kobolds (D:1)
  A frilled lizard (D:1)
  5 rats
32 creatures vanquished.

Notes
Turn   | Place    | Note
-------+----------+-------------------------------------------
     0 | D:1      | Destapler the Minotaur Berserker began the quest for the
                  | Orb.
     0 | D:1      | Reached XP level 1. HP: 19/19 MP: 0/0
    94 | D:1      | Reached XP level 2. HP: 13/27 MP: 1/1
   402 | D:1      | Found a faded altar of an unknown god.
   819 | D:2      | Found Kalael's Assorted Antiques.
   857 | D:2      | Reached XP level 3. HP: 33/33 MP: 2/2
  1054 | D:2      | Reached ** piety under Trog
  1065 | D:2      | Identified the +1 ring mail of Qazlal's Hope {Will+ rCorr
                  | Int-5}
  1076 | D:2      | Lost intelligence.
  1366 | D:3      | Found a hide-covered altar of Uskayaw.
  1368 | D:3      | Noticed Ijyb
  1393 | D:3      | Blown up by Ijyb

Illustrated notes

Levels and vault maps discovered:
D:1:      minmay_arrival_loop, layout_loops_ring,
          hellmonk_ecumenical_altar_run_dry, fountainhead, st_stairs_11
D:2:      layout_rooms, serial_shops, shop
D:3:      layout_basic, nicolae_uskayaw_suspiria, item_on_display_a, uniq_ijyb

Skill      XL: |  1  2 |
---------------+-------+-----
Axes           | 4 |  4.3
Fighting       | 4 |  4.2
Armour         | 3 |  3.2
Dodging        | |  2.9

Action                   || total
-------------------------++-------
Melee: Hand axe          ||    24
       Headbutt          ||    13
       War axe           ||    42
       Punch             ||     1
Armor: Animal skin       ||     4
       Chain mail        ||    24
Dodge: Dodged            ||    32

Table legend: (Time is in decaauts)
 A = Elapsed time spent in this place.
 B = Non-inter-level travel time spent in this place.
 C = Inter-level travel time spent in this place.
 D = Time resting spent in this place.
 E = Time spent auto-exploring this place.
 F = Levels seen in this place.
 G = Mean time per level.
                   A        B        C        D        E       F      G
               +--------+--------+--------+--------+--------+-----+--------+
         Total |   1419 |   1354 |     65 |     19 |   1063 |   3 |  473.0 |
       Dungeon |   1419 |   1354 |     65 |     19 |   1063 |   3 |  473.0 |
               +--------+--------+--------+--------+--------+-----+--------+

Top non-repeatable levels by time:
     D:1: 807 daAuts
     D:2: 572 daAuts
     D:3: 39 daAuts
